MapleLeafs vs Jets

Created - February 9, 2016 at 18:49

Goals
1 2 3 T
MapleLeafs 1 1 0 2
Jets 2 0 1 3
Shots
1 2 3 T
MapleLeafs 12 15 3 30
Jets 12 6 11 29

1st period

1. Jets , Tobias Enstrom 9 (Joe Pavelski) at 6:36 (PP)
2. MapleLeafs , Matt Duchene 14 (Travis Hamonic) at 9:40 (PP)
3. Jets , Joe Pavelski 28 (Jamie Benn, Tobias Enstrom) at 18:35

Penalties :
Milan Lucic (TOR) for Hooking (Minor) at 2:58, Michael Del Zotto (TOR) for Goalie Interference (Minor) at 3:33, Travis Hamonic (TOR) for Slashing (Minor) at 6:28, Joe Pavelski (WPG) for Hooking (Minor) at 8:06, Milan Lucic (TOR) for Hooking (Minor) at 15:14, Brent Seabrook (WPG) for Interference (Minor) at 18:38

2nd period

4. MapleLeafs , Michael Del Zotto 9 (Frans Nielsen, Nick Leddy) at 3:57 (PP)

Penalties :
Jamie Benn (WPG) for Delaying the game (Minor) at 0:42, Kevin Klein (WPG) for Holding (Minor) at 3:39

3rd period

5. Jets , Joe Pavelski 29 (Jeff Carter, Jamie Benn) at 2:53

Penalties :
Travis Hamonic (TOR) for High sticking (Minor) at 14:15, Michael Del Zotto (TOR) for Elbowing (Minor) at 17:56

Goalie Stats

Petr Mrazek (TOR), 26 saves from 29 shots - (0.897), L, 13-23-6, 59:56 minutes
Cory Schneider (WPG), 28 saves from 30 shots - (0.933), W, 29-16-3, 60:00 minutes

Players Stats for MapleLeafs

Player Name              G  A  P  +/- PIM S  H  SB GA TA FO     MP     PP MP  PK MP  
------------------------------------------------------------------------------------
Adam Lowry               0  0  0   0  0   2  1  0  0  0  5/9     6:07   0:00   0:00 
Ben Lovejoy              0  0  0  -1  0   1  2  0  0  0  0/0    21:27   2:19   3:32 
Brad Marchand            0  0  0  -1  0   4  1  0  0  0  0/0    20:19   2:53   2:38 
Brock Nelson             0  0  0  -1  0   5  1  0  0  0  0/0    14:09   2:57   0:41 
Dalton Prout             0  0  0   0  0   0  2  1  0  0  0/0    17:58   0:00   2:54 
Devante Smith-Pelly      0  0  0  -1  0   1  0  0  0  0  0/4    12:09   0:00   1:38 
Eric Gelinas             0  0  0  -1  0   0  0  0  0  0  0/0    15:14   0:00   0:37 
Frans Nielsen            0  1  1   0  0   3  0  0  0  0  13/30  19:36   2:53   2:38 
Jiri Sekac               0  0  0  -1  0   1  3  0  0  0  1/2    17:41   2:53   0:00 
Linden Vey               0  0  0   0  0   2  1  0  0  0  0/0    17:02   2:57   0:00 
Matt Duchene             1  0  1  -1  0   4  1  1  0  0  13/31  18:37   2:57   0:52 
Matt Martin              0  0  0   0  0   0  0  0  0  0  0/0     6:07   0:00   0:00 
Michael Del Zotto        1  0  1  -1  4   2  2  1  0  0  0/0    21:16   3:31   3:00 
Milan Lucic              0  0  0   0  4   1  2  1  0  0  0/0    16:33   0:00   2:30 
Nick Leddy               0  1  1  -1  0   0  0  1  0  0  0/0    23:56   3:31   4:35 
Riley Sheahan            0  0  0  -1  0   2  0  0  0  0  8/9    10:31   0:00   0:00 
Ryan White               0  0  0   0  0   1  2  0  0  0  5/9    11:04   0:00   4:57 
Travis Hamonic           0  1  1   0  4   1  1  1  0  0  0/0    20:05   2:19   2:39 

Players Stats for Jets

Player Name              G  A  P  +/- PIM S  H  SB GA TA FO     MP     PP MP  PK MP  
------------------------------------------------------------------------------------
Anders Lee               0  0  0   0  0   1  2  0  0  0  0/1    19:14   2:55   0:56 
Boyd Gordon              0  0  0   0  0   0  0  0  0  0  3/7     4:00   0:00   0:10 
Brent Seabrook           0  0  0   0  2   1  0  1  0  0  0/0    20:08   4:08   1:38 
Brett Connolly           0  0  0   0  0   1  2  0  0  0  0/0    12:31   0:00   0:00 
Cam Atkinson             0  0  0   0  0   3  0  0  0  0  1/1    18:28   2:55   0:10 
David Krejci             0  0  0   0  0   3  0  0  0  0  13/22  18:50   2:55   0:32 
Dylan Olsen              0  0  0   0  0   2  0  0  0  0  0/0     9:09   0:00   0:00 
Jamie Benn               0  2  2   2  2   0  4  1  0  0  1/4    23:38   5:44   0:18 
Jeff Carter              0  1  1   2  0   2  1  0  0  0  1/2    23:17   5:44   0:00 
Joe Pavelski             2  1  3   2  2   4  1  0  0  0  13/28  23:20   5:44   0:00 
Kevin Klein              0  0  0   0  2   0  2  1  0  0  0/0    20:49   4:08   2:19 
Korbinian Holzer         0  0  0   0  0   0  0  0  0  0  0/0     3:35   0:00   0:00 
Nick Bonino              0  0  0   0  0   1  2  0  0  0  15/27  13:35   0:00   4:50 
Nicklas Grossmann        0  0  0   0  0   1  2  0  0  0  0/0    13:53   0:00   1:09 
Patrick Eaves            0  0  0   0  0   6  0  0  0  0  1/1    12:31   0:00   0:00 
Tobias Enstrom           1  1  2   2  0   2  0  1  0  0  0/0    26:12   4:31   3:17 
Tyler Myers              0  0  0   2  0   1  2  1  0  0  0/0    26:12   4:31   3:17 
Vernon Fiddler           0  0  0   0  0   1  0  0  0  0  1/1     4:44   0:00   4:44 

3 Stars

1 - Joe Pavelski (WPG)
2 - Tobias Enstrom (WPG)
3 - Jamie Benn (WPG)

Power Play

MapleLeafs - 2 on 4 Attempt(s) - 50.00%
Jets - 1 on 6 Attempt(s) - 16.67%

Penalty Kill

MapleLeafs - 5 on 6 Attempt(s) - 83.33% - Score 0 goal in Penalty Kill
Jets - 2 on 4 Attempt(s) - 50.00% - Score 0 goal in Penalty Kill

Team Stat

MapleLeafs - Hits : 19 - Faceoff Wins : 45 - Blocked Shots : 6 - Penalty Minutes : 12
Jets - Hits : 18 - Faceoff Wins : 49 - Blocked Shots : 5 - Penalty Minutes : 8

Official

Referees : Dave Jackson and Tim Peel
Linesman : Darren Gibbs and Jay Sharrers

Game Notes

No Game Note

Finance

Level 1 -- Attendance: 6000 (100.00%) -- Ticket Income $588,000
Level 2 -- Attendance: 5000 (100.00%) -- Ticket Income $385,000
Level 3 -- Attendance: 2173 (98.77%) -- Ticket Income $156,456
Level 4 -- Attendance: 1016 (100.00%) -- Ticket Income $67,056
Luxury Box -- Attendance: 693 (86.63%) -- Ticket Income $159,390
Game was played at the MTS Center.
Total Attendance: 14882 (99.11%)
Total Ticket Income: $1,355,902
Other Income: $203,385
Total Income: $1,559,287

% Time on Ice - MapleLeafs

Lines # - Real PCT - Wanted PCT - Time Play
Normal Forward
1 - 32% - 31% - 14:44
2 - 31% - 30% - 14:05
3 - 23% - 24% - 10:31
4 - 13% - 15% - 6:07
Normal Defense
1 - 34% - 35% - 15:36
2 - 32% - 34% - 14:32
3 - 33% - 31% - 15:09
4 - 0% - 0% - 0:10
PP Forward
1 - 49% - 52% - 2:53
2 - 51% - 48% - 2:57
PP Defense
1 - 60% - 54% - 3:31
2 - 40% - 46% - 2:19
PK Forward
1 - 64% - 54% - 4:37
2 - 36% - 46% - 2:38
PK Defense
1 - 55% - 52% - 3:58
2 - 45% - 48% - 3:17
PK3 Forward
1 - 62% - 55% - 0:52
2 - 38% - 45% - 0:32
PK3 Defense
1 - 38% - 52% - 0:32
2 - 62% - 48% - 0:52
44 Forward
1 - 0% - 52%
2 - 0% - 48%
44 Defense
1 - 0% - 55%
2 - 0% - 45%
Last Minute Offensive  - 0:04
Last Minute Defensive  - 0:00
Total
Forward - 60:00
Defense - 60:00

% Time on Ice - Jets

Lines # - Real PCT - Wanted PCT - Time Play
Normal Forward
1 - 39% - 40% - 17:33
2 - 34% - 30% - 15:23
3 - 19% - 20% - 8:41
4 - 8% - 10% - 3:50
Normal Defense
1 - 40% - 39% - 18:20
2 - 32% - 31% - 14:23
3 - 20% - 20% - 9:09
4 - 8% - 10% - 3:35
PP Forward
1 - 66% - 73% - 5:44
2 - 34% - 27% - 2:55
PP Defense
1 - 52% - 70% - 4:31
2 - 48% - 30% - 4:08
PK Forward
1 - 97% - 75% - 5:40
2 - 3% - 25% - 0:10
PK Defense
1 - 56% - 60% - 3:17
2 - 44% - 40% - 2:33
PK3 Forward
1 - 0% - 70%
2 - 0% - 30%
PK3 Defense
1 - 0% - 60%
2 - 0% - 40%
44 Forward
1 - 0% - 50%
2 - 0% - 50%
44 Defense
1 - 0% - 51%
2 - 0% - 49%
Last Minute Offensive  - 0:00
Last Minute Defensive  - 0:04
Total
Forward - 60:00
Defense - 60:00

Play by Play

1st period


0:01 of 1st period - Joe Pavelski wins face-off versus Matt Duchene in neutral zone.
0:25 of 1st period - Joe Pavelski is hit by Ben Lovejoy and loses puck.
0:30 of 1st period - Shot by Jeff Carter.
0:30 of 1st period - Shot Misses the Net.
0:53 of 1st period - Icing by Ben Lovejoy.
0:54 of 1st period - Matt Duchene wins face-off versus David Krejci in MapleLeafs zone.
1:33 of 1st period - Shot by Cam Atkinson.
1:33 of 1st period - Stopped by Petr Mrazek without a rebound.
1:34 of 1st period - Nick Bonino wins face-off versus Frans Nielsen in MapleLeafs zone.
1:41 of 1st period - Dylan Olsen is hit by Milan Lucic.
2:07 of 1st period - Shot by Nick Bonino.
2:07 of 1st period - Shot Blocked by Milan Lucic.
2:09 of 1st period - Shot by Dylan Olsen.
2:09 of 1st period - Stopped by Petr Mrazek without a rebound.
2:10 of 1st period - Riley Sheahan wins face-off versus Joe Pavelski in MapleLeafs zone.
2:23 of 1st period - Shot by Brock Nelson.
2:23 of 1st period - Shot Blocked by Tyler Myers.
2:31 of 1st period - Shot by Brock Nelson.
2:31 of 1st period - Stopped by Cory Schneider with a rebound.
2:33 of 1st period - Shot by Brock Nelson.
2:33 of 1st period - Shot Misses the Net.
2:39 of 1st period - Shot by Brock Nelson.
2:39 of 1st period - Deflect By Riley Sheahan.
2:39 of 1st period - Stopped by Cory Schneider without a rebound.
2:40 of 1st period - Adam Lowry wins face-off versus David Krejci in Jets zone.
2:49 of 1st period - Shot by Adam Lowry.
2:49 of 1st period - Stopped by Cory Schneider without a rebound.
2:50 of 1st period - Frans Nielsen wins face-off versus Boyd Gordon in Jets zone.
2:58 of 1st period - Minor Penalty to Milan Lucic for Hooking.
2:59 of 1st period - Joe Pavelski wins face-off versus Ryan White in MapleLeafs zone.
3:04 of 1st period - Shot by Jeff Carter.
3:04 of 1st period - Stopped by Petr Mrazek without a rebound.
3:05 of 1st period - Joe Pavelski wins face-off versus Ryan White in MapleLeafs zone.
3:33 of 1st period - Minor Penalty to Michael Del Zotto for Goalie Interference.
3:34 of 1st period - Matt Duchene wins face-off versus David Krejci in MapleLeafs zone.
4:03 of 1st period - Shot by David Krejci.
4:03 of 1st period - Shot Blocked by Matt Duchene.
4:05 of 1st period - Shot by Brent Seabrook.
4:05 of 1st period - Stopped by Petr Mrazek with a rebound.
4:07 of 1st period - Shot by Brent Seabrook.
4:07 of 1st period - Shot Misses the Net.
4:09 of 1st period - Shot by Brent Seabrook.
4:09 of 1st period - Shot Misses the Net.
4:30 of 1st period - Off-side.
4:31 of 1st period - Joe Pavelski wins face-off versus Ryan White in neutral zone.
4:50 of 1st period - Shot by Jamie Benn.
4:50 of 1st period - Shot Misses the Net.
5:46 of 1st period - Brock Nelson is hit by Nicklas Grossmann and loses puck.
6:01 of 1st period - Shot by Brock Nelson.
6:01 of 1st period - Stopped by Cory Schneider without a rebound.
6:02 of 1st period - David Krejci wins face-off versus Frans Nielsen in Jets zone.
6:21 of 1st period - Shot by Frans Nielsen.
6:21 of 1st period - Shot Blocked by Brent Seabrook.
6:28 of 1st period - Minor Penalty to Travis Hamonic for Slashing.
6:29 of 1st period - Joe Pavelski wins face-off versus Ryan White in MapleLeafs zone.
6:36 of 1st period - Shot by Tobias Enstrom.
6:36 of 1st period - Goal by Tobias Enstrom - MapleLeafs : 0 - Jets : 1.
6:37 of 1st period - Adam Lowry wins face-off versus Boyd Gordon in neutral zone.
7:02 of 1st period - Off-side.
7:03 of 1st period - Frans Nielsen wins face-off versus Joe Pavelski in neutral zone.
7:14 of 1st period - Shot by Frans Nielsen.
7:14 of 1st period - Deflect By Linden Vey.
7:14 of 1st period - Stopped by Cory Schneider without a rebound.
7:15 of 1st period - David Krejci wins face-off versus Devante Smith-Pelly in Jets zone.
7:22 of 1st period - Dalton Prout is hit by Anders Lee and loses puck.
8:06 of 1st period - Minor Penalty to Joe Pavelski for Hooking.
8:07 of 1st period - Nick Bonino wins face-off versus Frans Nielsen in Jets zone.
8:17 of 1st period - Brad Marchand is hit by Nick Bonino and loses puck.
9:08 of 1st period - Shot by Travis Hamonic.
9:08 of 1st period - Stopped by Cory Schneider without a rebound.
9:09 of 1st period - Matt Duchene wins face-off versus Nick Bonino in Jets zone.
9:10 of 1st period - Shot by Linden Vey.
9:10 of 1st period - Deflect By Brock Nelson.
9:10 of 1st period - Stopped by Cory Schneider without a rebound.
9:11 of 1st period - Nick Bonino wins face-off versus Matt Duchene in Jets zone.
9:11 of 1st period - Nick Bonino is hit by Brock Nelson.
9:22 of 1st period - Icing by Brock Nelson.
9:23 of 1st period - Nick Bonino wins face-off versus Matt Duchene in MapleLeafs zone.
9:40 of 1st period - Shot by Matt Duchene.
9:40 of 1st period - Goal by Matt Duchene - MapleLeafs : 1 - Jets : 1.
9:41 of 1st period - Adam Lowry wins face-off versus Joe Pavelski in neutral zone.
10:22 of 1st period - Jamie Benn is hit by Adam Lowry.
10:37 of 1st period - Matt Martin is hit by Jamie Benn and loses puck.
11:09 of 1st period - Shot by Linden Vey.
11:09 of 1st period - Deflect By Frans Nielsen.
11:09 of 1st period - Stopped by Cory Schneider without a rebound.
11:10 of 1st period - Matt Duchene wins face-off versus Nick Bonino in Jets zone.
11:10 of 1st period - Matt Duchene is hit by Kevin Klein.
11:16 of 1st period - Shot by Matt Duchene.
11:16 of 1st period - Stopped by Cory Schneider without a rebound.
11:17 of 1st period - Nick Bonino wins face-off versus Matt Duchene in Jets zone.
11:23 of 1st period - Icing by Patrick Eaves.
11:24 of 1st period - Nick Bonino wins face-off versus Frans Nielsen in Jets zone.
11:35 of 1st period - Shot by Brett Connolly.
11:35 of 1st period - Shot Misses the Net.
11:39 of 1st period - Shot by Nick Bonino.
11:39 of 1st period - Stopped by Petr Mrazek without a rebound.
11:40 of 1st period - Matt Duchene wins face-off versus Joe Pavelski in MapleLeafs zone.
11:40 of 1st period - Matt Duchene is hit by Jamie Benn.
11:56 of 1st period - Shot by Jeff Carter.
11:56 of 1st period - Shot Misses the Net.
12:07 of 1st period - Icing by Travis Hamonic.
12:08 of 1st period - David Krejci wins face-off versus Matt Duchene in MapleLeafs zone.
12:13 of 1st period - Shot by Cam Atkinson.
12:13 of 1st period - Stopped by Petr Mrazek with a rebound.
12:55 of 1st period - Shot by Ben Lovejoy.
12:55 of 1st period - Stopped by Cory Schneider without a rebound.
12:56 of 1st period - Riley Sheahan wins face-off versus Joe Pavelski in Jets zone.
12:57 of 1st period - Shot by Devante Smith-Pelly.
12:57 of 1st period - Stopped by Cory Schneider without a rebound.
12:58 of 1st period - Joe Pavelski wins face-off versus Frans Nielsen in Jets zone.
13:10 of 1st period - Frans Nielsen is hit by Tyler Myers and loses puck.
14:03 of 1st period - Icing by Nicklas Grossmann.
14:04 of 1st period - Matt Duchene wins face-off versus Nick Bonino in Jets zone.
14:27 of 1st period - Shot by Nick Bonino.
14:27 of 1st period - Shot Misses the Net.
14:29 of 1st period - Shot by Patrick Eaves.
14:29 of 1st period - Stopped by Petr Mrazek without a rebound.
14:30 of 1st period - Riley Sheahan wins face-off versus David Krejci in MapleLeafs zone.
14:34 of 1st period - Off-side.
14:35 of 1st period - Frans Nielsen wins face-off versus Anders Lee in neutral zone.
15:14 of 1st period - Minor Penalty to Milan Lucic for Hooking.
15:15 of 1st period - Ryan White wins face-off versus Joe Pavelski in MapleLeafs zone.
15:15 of 1st period - Ryan White is hit by Jamie Benn.
15:24 of 1st period - Icing by Tobias Enstrom.
15:25 of 1st period - Jamie Benn wins face-off versus Devante Smith-Pelly in Jets zone.
15:25 of 1st period - Jeff Carter is hit by Ryan White and loses puck.
16:05 of 1st period - Shot by Tyler Myers.
16:05 of 1st period - Stopped by Petr Mrazek without a rebound.
16:06 of 1st period - Frans Nielsen wins face-off versus David Krejci in MapleLeafs zone.
17:21 of 1st period - Shot by Brett Connolly.
17:21 of 1st period - Stopped by Petr Mrazek without a rebound.
17:22 of 1st period - Matt Duchene wins face-off versus Nick Bonino in MapleLeafs zone.
17:27 of 1st period - Travis Hamonic is hit by Brett Connolly and loses puck.
17:47 of 1st period - Icing by Travis Hamonic.
17:48 of 1st period - Joe Pavelski wins face-off versus Matt Duchene in MapleLeafs zone.
18:13 of 1st period - Icing by Joe Pavelski.
18:14 of 1st period - Riley Sheahan wins face-off versus Jeff Carter in Jets zone.
18:35 of 1st period - Shot by Joe Pavelski.
18:35 of 1st period - Goal by Joe Pavelski - MapleLeafs : 1 - Jets : 2.
18:36 of 1st period - Frans Nielsen wins face-off versus David Krejci in neutral zone.
18:38 of 1st period - Minor Penalty to Brent Seabrook for Interference.
18:39 of 1st period - Nick Bonino wins face-off versus Matt Duchene in Jets zone.
18:44 of 1st period - Matt Duchene is hit by Nick Bonino.
19:21 of 1st period - Shot by Nick Leddy.
19:21 of 1st period - Shot Misses the Net.
19:28 of 1st period - Icing by Linden Vey.
19:29 of 1st period - Nick Bonino wins face-off versus Matt Duchene in MapleLeafs zone.
19:30 of 1st period - Shot by Vernon Fiddler.
19:30 of 1st period - Stopped by Petr Mrazek without a rebound.
19:31 of 1st period - Frans Nielsen wins face-off versus Nick Bonino in MapleLeafs zone.
Goals for this period are 1 for MapleLeafs vs 2 for Jets.
Shots for this period are 12 for MapleLeafs vs 12 for Jets.

2nd period


0:01 of 2nd period - Frans Nielsen wins face-off versus Nick Bonino in neutral zone.
0:25 of 2nd period - Shot by Frans Nielsen.
0:25 of 2nd period - Stopped by Cory Schneider without a rebound.
0:26 of 2nd period - Vernon Fiddler wins face-off versus Matt Duchene in Jets zone.
0:26 of 2nd period - Vernon Fiddler is hit by Linden Vey.
0:42 of 2nd period - Minor Penalty to Jamie Benn for Delaying the game.
0:43 of 2nd period - Nick Bonino wins face-off versus Frans Nielsen in Jets zone.
1:04 of 2nd period - Shot by Frans Nielsen.
1:04 of 2nd period - Shot Misses the Net.
1:20 of 2nd period - Shot by Brad Marchand.
1:20 of 2nd period - Shot Misses the Net.
1:22 of 2nd period - Shot by Brad Marchand.
1:22 of 2nd period - Shot Misses the Net.
1:54 of 2nd period - Shot by Nick Leddy.
1:54 of 2nd period - Shot Misses the Net.
2:03 of 2nd period - Icing by Nick Leddy.
2:04 of 2nd period - David Krejci wins face-off versus Matt Duchene in MapleLeafs zone.
2:27 of 2nd period - Icing by Nick Leddy.
2:28 of 2nd period - Matt Duchene wins face-off versus Nick Bonino in MapleLeafs zone.
2:49 of 2nd period - Shot by Adam Lowry.
2:49 of 2nd period - Stopped by Cory Schneider without a rebound.
2:50 of 2nd period - Joe Pavelski wins face-off versus Adam Lowry in Jets zone.
3:00 of 2nd period - Icing by Travis Hamonic.
3:01 of 2nd period - David Krejci wins face-off versus Adam Lowry in MapleLeafs zone.
3:17 of 2nd period - Travis Hamonic is hit by Anders Lee and loses puck.
3:30 of 2nd period - Shot by Ryan White.
3:30 of 2nd period - Stopped by Cory Schneider without a rebound.
3:31 of 2nd period - Frans Nielsen wins face-off versus Joe Pavelski in Jets zone.
3:39 of 2nd period - Minor Penalty to Kevin Klein for Holding.
3:40 of 2nd period - Frans Nielsen wins face-off versus Nick Bonino in Jets zone.
3:43 of 2nd period - Shot by Brad Marchand.
3:43 of 2nd period - Stopped by Cory Schneider without a rebound.
3:44 of 2nd period - Nick Bonino wins face-off versus Frans Nielsen in Jets zone.
3:55 of 2nd period - Shot by Michael Del Zotto.
3:55 of 2nd period - Shot Misses the Net.
3:57 of 2nd period - Shot by Michael Del Zotto.
3:57 of 2nd period - Goal by Michael Del Zotto - MapleLeafs : 2 - Jets : 2.
3:58 of 2nd period - Riley Sheahan wins face-off versus Jamie Benn in neutral zone.
4:07 of 2nd period - Shot by Brock Nelson.
4:07 of 2nd period - Stopped by Cory Schneider without a rebound.
4:08 of 2nd period - Frans Nielsen wins face-off versus Jamie Benn in Jets zone.
4:25 of 2nd period - Shot by Frans Nielsen.
4:25 of 2nd period - Shot Blocked by Jamie Benn.
4:47 of 2nd period - Nick Leddy is hit by Jeff Carter and loses puck.
5:11 of 2nd period - Icing by Matt Duchene.
5:12 of 2nd period - Matt Duchene wins face-off versus David Krejci in MapleLeafs zone.
5:33 of 2nd period - Shot by Brad Marchand.
5:33 of 2nd period - Deflect By Matt Duchene.
5:33 of 2nd period - Stopped by Cory Schneider without a rebound.
5:34 of 2nd period - Nick Bonino wins face-off versus Devante Smith-Pelly in Jets zone.
6:01 of 2nd period - Shot by Patrick Eaves.
6:01 of 2nd period - Shot Misses the Net.
7:00 of 2nd period - Shot by David Krejci.
7:00 of 2nd period - Shot Blocked by Travis Hamonic.
7:28 of 2nd period - Shot by Jamie Benn.
7:28 of 2nd period - Shot Misses the Net.
7:43 of 2nd period - Icing by Dalton Prout.
7:44 of 2nd period - Boyd Gordon wins face-off versus Riley Sheahan in MapleLeafs zone.
7:47 of 2nd period - Shot by Patrick Eaves.
7:47 of 2nd period - Stopped by Petr Mrazek without a rebound.
7:48 of 2nd period - Matt Duchene wins face-off versus Boyd Gordon in MapleLeafs zone.
8:02 of 2nd period - Boyd Gordon is hit by Matt Duchene and loses puck.
8:06 of 2nd period - Nicklas Grossmann is hit by Michael Del Zotto and loses puck.
8:27 of 2nd period - Icing by Michael Del Zotto.
8:28 of 2nd period - Jeff Carter wins face-off versus Matt Duchene in MapleLeafs zone.
8:28 of 2nd period - Jeff Carter is hit by Michael Del Zotto.
8:32 of 2nd period - Shot by Joe Pavelski.
8:32 of 2nd period - Stopped by Petr Mrazek without a rebound.
8:33 of 2nd period - Frans Nielsen wins face-off versus Jamie Benn in MapleLeafs zone.
8:48 of 2nd period - Shot by Jeff Carter.
8:48 of 2nd period - Shot Misses the Net.
8:58 of 2nd period - Shot by Joe Pavelski.
8:58 of 2nd period - Stopped by Petr Mrazek without a rebound.
8:59 of 2nd period - David Krejci wins face-off versus Adam Lowry in MapleLeafs zone.
9:22 of 2nd period - Shot by Cam Atkinson.
9:22 of 2nd period - Stopped by Petr Mrazek without a rebound.
9:23 of 2nd period - Joe Pavelski wins face-off versus Frans Nielsen in MapleLeafs zone.
9:42 of 2nd period - Shot by Frans Nielsen.
9:42 of 2nd period - Stopped by Cory Schneider with a rebound.
10:08 of 2nd period - Nick Leddy is hit by Joe Pavelski and loses puck.
10:49 of 2nd period - Shot by Matt Duchene.
10:49 of 2nd period - Stopped by Cory Schneider without a rebound.
10:50 of 2nd period - Riley Sheahan wins face-off versus Nick Bonino in Jets zone.
11:19 of 2nd period - Shot by Riley Sheahan.
11:19 of 2nd period - Shot Misses the Net.
12:06 of 2nd period - Shot by David Krejci.
12:06 of 2nd period - Shot Misses the Net.
12:37 of 2nd period - Joe Pavelski is hit by Jiri Sekac and loses puck.
13:02 of 2nd period - Shot by Brad Marchand.
13:02 of 2nd period - Stopped by Cory Schneider without a rebound.
13:03 of 2nd period - Frans Nielsen wins face-off versus Nick Bonino in Jets zone.
13:08 of 2nd period - Shot by Linden Vey.
13:08 of 2nd period - Stopped by Cory Schneider with a rebound.
13:53 of 2nd period - Icing by Eric Gelinas.
13:54 of 2nd period - Frans Nielsen wins face-off versus Joe Pavelski in MapleLeafs zone.
14:05 of 2nd period - Shot by Jeff Carter.
14:05 of 2nd period - Stopped by Petr Mrazek without a rebound.
14:06 of 2nd period - David Krejci wins face-off versus Jiri Sekac in MapleLeafs zone.
14:52 of 2nd period - Icing by Nick Leddy.
14:53 of 2nd period - Matt Duchene wins face-off versus Joe Pavelski in MapleLeafs zone.
14:53 of 2nd period - Matt Duchene is hit by Jamie Benn.
16:28 of 2nd period - Shot by Milan Lucic.
16:28 of 2nd period - Shot Blocked by Tobias Enstrom.
16:30 of 2nd period - Shot by Michael Del Zotto.
16:30 of 2nd period - Stopped by Cory Schneider without a rebound.
16:31 of 2nd period - David Krejci wins face-off versus Matt Duchene in Jets zone.
16:31 of 2nd period - David Krejci is hit by Brad Marchand.
17:41 of 2nd period - Shot by Riley Sheahan.
17:41 of 2nd period - Stopped by Cory Schneider without a rebound.
17:42 of 2nd period - Patrick Eaves wins face-off versus Frans Nielsen in Jets zone.
17:48 of 2nd period - Icing by Korbinian Holzer.
17:49 of 2nd period - Boyd Gordon wins face-off versus Frans Nielsen in Jets zone.
17:49 of 2nd period - Boyd Gordon is hit by Milan Lucic.
18:56 of 2nd period - Tobias Enstrom is hit by Ben Lovejoy and loses puck.
19:07 of 2nd period - Shot by Brad Marchand.
19:07 of 2nd period - Shot Misses the Net.
19:09 of 2nd period - Shot by Brad Marchand.
19:09 of 2nd period - Stopped by Cory Schneider without a rebound.
19:10 of 2nd period - Riley Sheahan wins face-off versus David Krejci in Jets zone.
19:29 of 2nd period - Cam Atkinson is hit by Travis Hamonic and loses puck.
19:38 of 2nd period - Shot by David Krejci.
19:38 of 2nd period - Stopped by Petr Mrazek without a rebound.
19:39 of 2nd period - Nick Bonino wins face-off versus Matt Duchene in MapleLeafs zone.
19:50 of 2nd period - Shot by Brad Marchand.
19:50 of 2nd period - Stopped by Cory Schneider with a rebound.
Goals for this period are 1 for MapleLeafs vs 0 for Jets.
Shots for this period are 15 for MapleLeafs vs 6 for Jets.

3rd period


0:01 of 3rd period - Matt Duchene wins face-off versus Joe Pavelski in neutral zone.
0:29 of 3rd period - Icing by Tobias Enstrom.
0:30 of 3rd period - Joe Pavelski wins face-off versus Frans Nielsen in Jets zone.
0:41 of 3rd period - Icing by Tyler Myers.
0:42 of 3rd period - Adam Lowry wins face-off versus Joe Pavelski in Jets zone.
0:57 of 3rd period - Jamie Benn is hit by Ryan White and loses puck.
1:01 of 3rd period - Tyler Myers is hit by Dalton Prout and loses puck.
1:26 of 3rd period - Shot by Nick Bonino.
1:26 of 3rd period - Shot Misses the Net.
1:30 of 3rd period - Shot by Patrick Eaves.
1:30 of 3rd period - Stopped by Petr Mrazek without a rebound.
1:31 of 3rd period - Cam Atkinson wins face-off versus Frans Nielsen in MapleLeafs zone.
1:46 of 3rd period - Shot by Milan Lucic.
1:46 of 3rd period - Stopped by Cory Schneider without a rebound.
1:47 of 3rd period - Jiri Sekac wins face-off versus Nick Bonino in Jets zone.
1:48 of 3rd period - Shot by Matt Duchene.
1:48 of 3rd period - Shot Blocked by Kevin Klein.
1:50 of 3rd period - Shot by Jiri Sekac.
1:50 of 3rd period - Stopped by Cory Schneider without a rebound.
1:51 of 3rd period - David Krejci wins face-off versus Matt Duchene in Jets zone.
2:10 of 3rd period - David Krejci is hit by Jiri Sekac and loses puck.
2:53 of 3rd period - Shot by Jeff Carter.
2:53 of 3rd period - Deflect By Joe Pavelski.
2:53 of 3rd period - Goal by Joe Pavelski - MapleLeafs : 2 - Jets : 3.
2:54 of 3rd period - Nick Bonino wins face-off versus Frans Nielsen in neutral zone.
5:05 of 3rd period - Off-side.
5:06 of 3rd period - Boyd Gordon wins face-off versus Matt Duchene in neutral zone.
5:20 of 3rd period - Off-side.
5:21 of 3rd period - David Krejci wins face-off versus Frans Nielsen in neutral zone.
6:31 of 3rd period - Shot by Tobias Enstrom.
6:31 of 3rd period - Stopped by Petr Mrazek without a rebound.
6:32 of 3rd period - Joe Pavelski wins face-off versus Matt Duchene in MapleLeafs zone.
7:47 of 3rd period - Tobias Enstrom is hit by Dalton Prout and loses puck.
7:52 of 3rd period - Shot by Patrick Eaves.
7:52 of 3rd period - Stopped by Petr Mrazek without a rebound.
7:53 of 3rd period - Adam Lowry wins face-off versus David Krejci in MapleLeafs zone.
7:57 of 3rd period - Michael Del Zotto is hit by Kevin Klein and loses puck.
8:13 of 3rd period - Shot by Cam Atkinson.
8:13 of 3rd period - Shot Blocked by Michael Del Zotto.
8:15 of 3rd period - Shot by David Krejci.
8:15 of 3rd period - Stopped by Petr Mrazek without a rebound.
8:16 of 3rd period - Nick Bonino wins face-off versus Frans Nielsen in MapleLeafs zone.
8:21 of 3rd period - Shot by Brett Connolly.
8:21 of 3rd period - Shot Blocked by Nick Leddy.
8:34 of 3rd period - Nick Leddy is hit by Tyler Myers and loses puck.
8:41 of 3rd period - Ben Lovejoy is hit by Brett Connolly and loses puck.
8:55 of 3rd period - Icing by Tobias Enstrom.
8:56 of 3rd period - Matt Duchene wins face-off versus Nick Bonino in Jets zone.
9:34 of 3rd period - Shot by Jeff Carter.
9:34 of 3rd period - Shot Misses the Net.
10:04 of 3rd period - Shot by Brock Nelson.
10:04 of 3rd period - Shot Misses the Net.
10:12 of 3rd period - Shot by Brock Nelson.
10:12 of 3rd period - Shot Misses the Net.
10:16 of 3rd period - Shot by Brock Nelson.
10:16 of 3rd period - Stopped by Cory Schneider without a rebound.
10:17 of 3rd period - David Krejci wins face-off versus Frans Nielsen in Jets zone.
10:25 of 3rd period - Nick Leddy is hit by Nicklas Grossmann.
11:58 of 3rd period - Icing by Eric Gelinas.
11:59 of 3rd period - Joe Pavelski wins face-off versus Matt Duchene in MapleLeafs zone.
12:16 of 3rd period - Brent Seabrook is hit by Jiri Sekac and loses puck.
13:04 of 3rd period - Shot by Anders Lee.
13:04 of 3rd period - Stopped by Petr Mrazek without a rebound.
13:05 of 3rd period - David Krejci wins face-off versus Adam Lowry in MapleLeafs zone.
13:10 of 3rd period - Shot by David Krejci.
13:10 of 3rd period - Shot Misses the Net.
14:15 of 3rd period - Minor Penalty to Travis Hamonic for High sticking.
14:16 of 3rd period - Ryan White wins face-off versus Joe Pavelski in MapleLeafs zone.
14:56 of 3rd period - Shot by Kevin Klein.
14:56 of 3rd period - Shot Misses the Net.
16:19 of 3rd period - Shot by Patrick Eaves.
16:19 of 3rd period - Stopped by Petr Mrazek without a rebound.
16:20 of 3rd period - Nick Bonino wins face-off versus Devante Smith-Pelly in MapleLeafs zone.
16:27 of 3rd period - Shot by Patrick Eaves.
16:27 of 3rd period - Shot Blocked by Dalton Prout.
16:29 of 3rd period - Shot by Dylan Olsen.
16:29 of 3rd period - Stopped by Petr Mrazek with a rebound.
16:31 of 3rd period - Shot by Patrick Eaves.
16:31 of 3rd period - Stopped by Petr Mrazek without a rebound.
16:32 of 3rd period - Riley Sheahan wins face-off versus Boyd Gordon in MapleLeafs zone.
16:39 of 3rd period - Shot by Patrick Eaves.
16:39 of 3rd period - Shot Misses the Net.
16:41 of 3rd period - Shot by Nicklas Grossmann.
16:41 of 3rd period - Stopped by Petr Mrazek without a rebound.
16:42 of 3rd period - David Krejci wins face-off versus Matt Duchene in MapleLeafs zone.
16:47 of 3rd period - Shot by Cam Atkinson.
16:47 of 3rd period - Shot Misses the Net.
17:49 of 3rd period - Shot by Jamie Benn.
17:49 of 3rd period - Shot Misses the Net.
17:56 of 3rd period - Minor Penalty to Michael Del Zotto for Elbowing.
17:57 of 3rd period - Ryan White wins face-off versus Joe Pavelski in MapleLeafs zone.
18:27 of 3rd period - Icing by Jamie Benn.
18:28 of 3rd period - Ryan White wins face-off versus Joe Pavelski in Jets zone.
18:52 of 3rd period - Icing by Brent Seabrook.
18:53 of 3rd period - Joe Pavelski wins face-off versus Frans Nielsen in Jets zone.
19:42 of 3rd period - Shot by David Krejci.
19:42 of 3rd period - Shot Misses the Net.
19:44 of 3rd period - Shot by David Krejci.
19:44 of 3rd period - Stopped by Petr Mrazek without a rebound.
19:45 of 3rd period - Ryan White wins face-off versus Joe Pavelski in MapleLeafs zone.
19:56 of 3rd period - MapleLeafs, Petr Mrazek is pulled from the net.
Goals for this period are 0 for MapleLeafs vs 1 for Jets.
Shots for this period are 3 for MapleLeafs vs 11 for Jets.